[ AOE2 MATCH · #513894466 ]
UnrankedBulgarians vs Sicilians
Player's team · LOSS
[ REPLAY ANALYSIS · EXTRACTED FROM THE RECORDED GAME ]
Feudal
12:36
Castle
—
Imperial
—
| APM avg | 43.7 |
| APM peak | 79 |
| eAPM avg | 24.8 |
| Villagers / military | 54 / 16 |
Focus
⚔️ 26.9% · 🌾 73.1%
Skirmisher ×8 · Archer ×6 · Militia ×2
Feudal
34:34
Castle
—
Imperial
—
| APM avg | 58.3 |
| APM peak | 108 |
| eAPM avg | 30.8 |
| Villagers / military | 155 / 10 |
Focus
⚔️ 39.5% · 🌾 60.5%
Scout Cavalry ×10
Match map
Initial resources + every placement click. Lines = walls · curves = elevation contours. ◆ gold · ⬟ stone · ● berries · ✦ relic · ◌ wall gap
Your base· Open — unwalled flank
el rey de los chanchos's base· Open — unwalled flank
Smoothed initial terrain · ◌ = detected wall gap · hover for details
Inputs per minute
— LSKingdom9970 - - el rey de los chanchos
Build order — LSKingdom9970
First 150 of 185 actions detected
| 0:00 | queue | Villager (Male) |
| 0:01 | queue | Villager (Male) |
| 0:02 | Build | House |
| 0:04 | Build | House |
| 0:07 | queue | Villager (Male) |
| 0:19 | queue | Villager (Male) |
| 1:23 | Research | Loom |
| 1:33 | queue | Villager (Male) |
| 2:15 | queue | Villager (Male) |
| 2:16 | queue | Villager (Male) |
| 2:44 | Build | House |
| 2:53 | Build | House |
| 2:59 | queue | Villager (Male) |
| 3:40 | queue | Villager (Male) |
| 3:56 | queue | Villager (Male) |
| 4:15 | Build | Mill |
| 4:51 | queue | Villager (Male) |
| 4:52 | queue | Villager (Male) |
| 4:52 | queue | Villager (Male) |
| 4:58 | Build | Palisade Gate |
| 5:27 | queue | Villager (Male) |
| 5:34 | queue | Villager (Male) |
| 6:10 | queue | Villager (Male) |
| 6:17 | Build | House |
| 6:24 | queue | Villager (Male) |
| 6:29 | queue | Villager (Male) |
| 6:29 | queue | Villager (Male) |
| 6:42 | queue | Villager (Male) |
| 7:49 | queue | Villager (Male) |
| 8:13 | queue | Villager (Male) |
| 8:54 | queue | Villager (Male) |
| 8:58 | Build | House |
| 9:29 | queue | Villager (Male) |
| 9:48 | Build | Lumber Camp |
| 9:58 | queue | Villager (Male) |
| 10:10 | Research | Feudal Age |
| 10:10 | Research | Feudal Age |
| 11:17 | Build | Barracks |
| 11:58 | Build | House |
| 11:59 | queue | Militia |
| 12:03 | Build | House |
| 12:26 | queue | Militia |
| 12:36 | Age | Feudal Age |
| 12:43 | queue | Villager (Male) |
| 12:46 | Build | House |
| 12:50 | Build | Archery Range |
| 13:26 | queue | Villager (Male) |
| 13:46 | Build | Lumber Camp |
| 13:50 | queue | Villager (Male) |
| 13:51 | queue | Skirmisher |
| 13:52 | queue | Skirmisher |
| 14:15 | Research | Double-Bit Axe |
| 14:16 | queue | Villager (Male) |
| 14:28 | queue | Skirmisher |
| 15:39 | Build | Town Center |
| 15:50 | queue | Skirmisher |
| 15:50 | queue | Skirmisher |
| 15:51 | queue | Skirmisher |
| 16:41 | Build | House |
| 16:43 | Build | House |
| 17:00 | queue | Villager (Male) |
| 17:00 | queue | Villager (Male) |
| 17:15 | Build | Archery Range |
| 17:35 | Build | Watch Tower |
| 17:38 | Build | House |
| 17:50 | Build | House |
| 17:55 | Build | Palisade Wall |
| 17:58 | Build | Palisade Wall |
| 18:18 | queue | Villager (Male) |
| 18:37 | Build | House |
| 18:41 | queue | Skirmisher |
| 18:53 | Build | Palisade Wall |
| 18:59 | Build | Palisade Wall |
| 19:01 | Build | Palisade Wall |
| 19:49 | queue | Villager (Male) |
| 19:49 | queue | Villager (Male) |
| 19:52 | Build | Lumber Camp |
| 20:26 | queue | Skirmisher |
| 20:29 | Build | House |
| 20:46 | Build | House |
| 20:50 | Build | Palisade Wall |
| 21:39 | Build | Palisade Wall |
| 21:43 | Build | Palisade Wall |
| 21:47 | queue | Villager (Male) |
| 21:55 | Build | Lumber Camp |
| 22:21 | Build | Palisade Wall |
| 22:31 | Build | Watch Tower |
| 22:40 | Build | Palisade Wall |
| 22:41 | Build | Palisade Wall |
| 22:43 | Build | Palisade Wall |
| 22:43 | Build | Palisade Wall |
| 22:44 | Build | Palisade Wall |
| 22:45 | Build | Palisade Wall |
| 23:17 | Build | Palisade Wall |
| 23:21 | Build | Palisade Wall |
| 24:05 | Build | Palisade Wall |
| 24:10 | Build | Palisade Wall |
| 24:33 | Build | Palisade Wall |
| 24:44 | Build | Palisade Wall |
| 24:47 | Build | Town Center |
| 25:06 | Build | Palisade Wall |
| 26:06 | Build | Lumber Camp |
| 26:11 | Build | Watch Tower |
| 26:26 | Build | Farm |
| 26:27 | Build | Farm |
| 26:27 | Build | Farm |
| 26:27 | Build | Farm |
| 26:27 | Build | Farm |
| 26:27 | Build | Farm |
| 26:36 | Build | Mill |
| 26:36 | Build | Farm |
| 26:37 | Build | Farm |
| 26:37 | Build | Farm |
| 26:37 | Build | Farm |
| 26:37 | Build | Farm |
| 26:38 | Build | Farm |
| 26:38 | Build | Farm |
| 26:48 | Build | Palisade Wall |
| 26:58 | Build | Palisade Wall |
| 27:10 | Build | Palisade Wall |
| 27:25 | Build | Farm |
| 27:25 | Build | Farm |
| 27:43 | Build | Watch Tower |
| 27:48 | queue | Villager (Male) |
| 27:48 | queue | Villager (Male) |
| 27:53 | Build | House |
| 27:54 | Build | House |
| 27:55 | Build | House |
| 27:55 | Build | House |
| 28:08 | Build | House |
| 28:11 | Build | House |
| 28:49 | queue | Villager (Male) |
| 28:49 | queue | Villager (Male) |
| 28:53 | Build | House |
| 29:30 | Research | Wheelbarrow |
| 29:30 | Research | Wheelbarrow |
| 30:31 | queue | Villager (Male) |
| 31:01 | queue | Villager (Male) |
| 31:02 | queue | Villager (Male) |
| 31:31 | queue | Villager (Male) |
| 31:31 | queue | Villager (Male) |
| 31:33 | Build | Farm |
| 31:39 | Build | Farm |
| 32:22 | queue | Villager (Male) |
| 32:33 | Build | Palisade Wall |
| 32:35 | Build | Palisade Wall |
| 32:38 | Build | Palisade Wall |
| 32:53 | queue | Villager (Male) |
| 33:05 | Research | Town Watch |
| 33:07 | Build | Blacksmith |
Build order — el rey de los chanchos
First 150 of 294 actions detected
| 0:00 | queue | Villager (Male) |
| 0:01 | queue | Villager (Male) |
| 0:01 | queue | Villager (Male) |
| 0:02 | Build | House |
| 0:03 | Build | House |
| 0:06 | queue | Villager (Male) |
| 0:06 | queue | Villager (Male) |
| 0:09 | Research | Loom |
| 0:09 | queue | Villager (Male) |
| 0:09 | queue | Villager (Male) |
| 0:09 | queue | Villager (Male) |
| 1:55 | queue | Villager (Male) |
| 1:55 | queue | Villager (Male) |
| 2:22 | Build | Palisade Wall |
| 2:23 | Build | Palisade Wall |
| 2:24 | Build | Palisade Wall |
| 2:25 | Build | Palisade Wall |
| 2:35 | queue | Villager (Male) |
| 2:35 | queue | Villager (Male) |
| 2:35 | queue | Villager (Male) |
| 2:56 | queue | Villager (Male) |
| 2:56 | queue | Villager (Male) |
| 2:56 | queue | Villager (Male) |
| 3:42 | queue | Villager (Male) |
| 3:42 | queue | Villager (Male) |
| 3:50 | queue | Villager (Male) |
| 3:50 | queue | Villager (Male) |
| 4:21 | queue | Villager (Male) |
| 4:21 | queue | Villager (Male) |
| 4:28 | Build | House |
| 4:29 | Build | House |
| 4:35 | queue | Villager (Male) |
| 4:35 | queue | Villager (Male) |
| 4:44 | queue | Villager (Male) |
| 4:44 | queue | Villager (Male) |
| 4:44 | queue | Villager (Male) |
| 4:59 | queue | Villager (Male) |
| 4:59 | queue | Villager (Male) |
| 5:00 | queue | Villager (Male) |
| 5:19 | queue | Villager (Male) |
| 5:19 | queue | Villager (Male) |
| 5:32 | queue | Villager (Male) |
| 5:33 | queue | Villager (Male) |
| 5:33 | queue | Villager (Male) |
| 5:54 | queue | Villager (Male) |
| 5:54 | queue | Villager (Male) |
| 6:08 | queue | Villager (Male) |
| 6:08 | queue | Villager (Male) |
| 6:08 | queue | Villager (Male) |
| 6:22 | Build | Palisade Wall |
| 6:27 | queue | Villager (Male) |
| 6:27 | queue | Villager (Male) |
| 6:37 | queue | Villager (Male) |
| 6:37 | queue | Villager (Male) |
| 6:49 | Build | Palisade Wall |
| 6:50 | Build | Palisade Wall |
| 6:50 | Build | Palisade Wall |
| 6:50 | Build | Palisade Wall |
| 6:50 | Build | Palisade Wall |
| 6:51 | Build | Palisade Wall |
| 6:51 | Build | Palisade Wall |
| 6:51 | Build | Palisade Wall |
| 6:51 | Build | Palisade Wall |
| 6:52 | Build | Palisade Wall |
| 6:52 | Build | Palisade Wall |
| 6:52 | Build | Palisade Wall |
| 6:52 | Build | Palisade Wall |
| 6:53 | Build | Palisade Wall |
| 6:53 | Build | Palisade Wall |
| 6:53 | Build | Palisade Wall |
| 6:53 | Build | Palisade Wall |
| 6:54 | Build | Palisade Wall |
| 6:57 | queue | Villager (Male) |
| 6:58 | queue | Villager (Male) |
| 6:58 | queue | Villager (Male) |
| 7:09 | queue | Villager (Male) |
| 7:09 | queue | Villager (Male) |
| 7:10 | queue | Villager (Male) |
| 7:22 | queue | Villager (Male) |
| 7:22 | queue | Villager (Male) |
| 7:22 | queue | Villager (Male) |
| 7:52 | queue | Villager (Male) |
| 7:52 | queue | Villager (Male) |
| 7:52 | queue | Villager (Male) |
| 8:01 | Build | Lumber Camp |
| 8:20 | queue | Villager (Male) |
| 8:20 | queue | Villager (Male) |
| 8:22 | queue | Villager (Male) |
| 8:23 | queue | Villager (Male) |
| 8:45 | Build | House |
| 8:46 | Build | House |
| 8:56 | queue | Villager (Male) |
| 8:57 | queue | Villager (Male) |
| 8:57 | queue | Villager (Male) |
| 9:22 | queue | Villager (Male) |
| 9:25 | queue | Villager (Male) |
| 9:26 | queue | Villager (Male) |
| 9:39 | Build | Palisade Wall |
| 9:39 | Build | Palisade Wall |
| 9:40 | Build | Palisade Wall |
| 9:40 | Build | Palisade Wall |
| 9:40 | Build | Palisade Wall |
| 9:41 | Build | Palisade Wall |
| 9:41 | Build | Palisade Wall |
| 9:41 | Build | Palisade Wall |
| 9:41 | Build | Palisade Wall |
| 9:41 | Build | Palisade Wall |
| 9:42 | Build | Palisade Wall |
| 9:42 | Build | Palisade Wall |
| 9:42 | Build | Palisade Wall |
| 9:43 | Build | Palisade Wall |
| 9:43 | Build | Palisade Wall |
| 9:44 | queue | Villager (Male) |
| 9:44 | queue | Villager (Male) |
| 10:18 | queue | Villager (Male) |
| 10:19 | queue | Villager (Male) |
| 10:29 | queue | Villager (Male) |
| 10:29 | queue | Villager (Male) |
| 10:29 | queue | Villager (Male) |
| 10:48 | Build | Mill |
| 10:58 | Build | Palisade Wall |
| 10:59 | Build | Palisade Wall |
| 10:59 | Build | Palisade Wall |
| 10:59 | Build | Palisade Wall |
| 11:00 | Build | Palisade Wall |
| 11:05 | queue | Villager (Male) |
| 11:05 | queue | Villager (Male) |
| 11:16 | Build | House |
| 11:18 | Build | House |
| 11:56 | queue | Villager (Male) |
| 11:56 | queue | Villager (Male) |
| 12:04 | Build | Town Center |
| 12:37 | Build | Palisade Gate |
| 12:42 | Build | Palisade Gate |
| 12:45 | Build | Palisade Gate |
| 12:48 | Build | Palisade Wall |
| 12:57 | queue | Villager (Male) |
| 12:57 | queue | Villager (Male) |
| 12:57 | queue | Villager (Male) |
| 12:57 | queue | Villager (Male) |
| 12:58 | queue | Villager (Male) |
| 12:58 | queue | Villager (Male) |
| 12:58 | queue | Villager (Male) |
| 12:58 | queue | Villager (Male) |
| 12:59 | queue | Villager (Male) |
| 13:03 | queue | Villager (Male) |
| 13:03 | queue | Villager (Male) |
| 13:03 | queue | Villager (Male) |
| 13:04 | queue | Villager (Male) |
| 13:33 | Build | House |
Match timeline
| 2:22 | el rey de los chanchos · wall_segment Palisade Wall x1 |
| 2:23 | el rey de los chanchos · wall_segment Palisade Wall x1 |
| 2:24 | el rey de los chanchos · wall_segment Palisade Wall x1 |
| 2:25 | el rey de los chanchos · wall_segment Palisade Wall x1 |
| 6:22 | el rey de los chanchos · wall_segment Palisade Wall x1 |
| 6:49 | el rey de los chanchos · wall_segment Palisade Wall x1 |
| 6:50 | el rey de los chanchos · wall_segment Palisade Wall x3 |
| 6:50 | el rey de los chanchos · wall_segment Palisade Wall x1 |
| 6:50 | el rey de los chanchos · wall_segment Palisade Wall x2 |
| 6:50 | el rey de los chanchos · wall_segment Palisade Wall x1 |
| 6:51 | el rey de los chanchos · wall_segment Palisade Wall x1 |
| 6:51 | el rey de los chanchos · wall_segment Palisade Wall x1 |
| 6:51 | el rey de los chanchos · wall_segment Palisade Wall x1 |
| 6:51 | el rey de los chanchos · wall_segment Palisade Wall x1 |
| 6:52 | el rey de los chanchos · wall_segment Palisade Wall x1 |
| 6:52 | el rey de los chanchos · wall_segment Palisade Wall x1 |
| 6:52 | el rey de los chanchos · wall_segment Palisade Wall x1 |
| 6:52 | el rey de los chanchos · wall_segment Palisade Wall x1 |
| 6:53 | el rey de los chanchos · wall_segment Palisade Wall x1 |
| 6:53 | el rey de los chanchos · wall_segment Palisade Wall x1 |
| 6:53 | el rey de los chanchos · wall_segment Palisade Wall x1 |
| 6:53 | el rey de los chanchos · wall_segment Palisade Wall x1 |
| 6:54 | el rey de los chanchos · wall_segment Palisade Wall x1 |
| 9:39 | el rey de los chanchos · wall_segment Palisade Wall x1 |
| 9:39 | el rey de los chanchos · wall_segment Palisade Wall x1 |
| 9:40 | el rey de los chanchos · wall_segment Palisade Wall x1 |
| 9:40 | el rey de los chanchos · wall_segment Palisade Wall x1 |
| 9:40 | el rey de los chanchos · wall_segment Palisade Wall x1 |
| 9:41 | el rey de los chanchos · wall_segment Palisade Wall x2 |
| 9:41 | el rey de los chanchos · wall_segment Palisade Wall x1 |
| 9:41 | el rey de los chanchos · wall_segment Palisade Wall x1 |
| 9:41 | el rey de los chanchos · wall_segment Palisade Wall x1 |
| 9:41 | el rey de los chanchos · wall_segment Palisade Wall x1 |
| 9:42 | el rey de los chanchos · wall_segment Palisade Wall x1 |
| 9:42 | el rey de los chanchos · wall_segment Palisade Wall x1 |
| 9:42 | el rey de los chanchos · wall_segment Palisade Wall x1 |
| 9:43 | el rey de los chanchos · wall_segment Palisade Wall x1 |
| 9:43 | el rey de los chanchos · wall_segment Palisade Wall x1 |
| 10:58 | el rey de los chanchos · wall_segment Palisade Wall x1 |
| 10:59 | el rey de los chanchos · wall_segment Palisade Wall x1 |
| 10:59 | el rey de los chanchos · wall_segment Palisade Wall x1 |
| 10:59 | el rey de los chanchos · wall_segment Palisade Wall x1 |
| 11:00 | el rey de los chanchos · wall_segment Palisade Wall x1 |
| 11:17 | LSKingdom9970 · first_building Barracks |
| 12:36 | LSKingdom9970 · age_up feudal |
| 12:48 | el rey de los chanchos · wall_segment Palisade Wall x3 |
| 12:50 | LSKingdom9970 · first_building Archery Range |
| 13:34 | el rey de los chanchos · wall_segment Palisade Wall x1 |
| 13:34 | el rey de los chanchos · wall_segment Palisade Wall x1 |
| 16:10 | el rey de los chanchos · wall_segment Palisade Wall x4 |
| 16:11 | el rey de los chanchos · wall_segment Palisade Wall x5 |
| 16:12 | el rey de los chanchos · wall_segment Palisade Wall x5 |
| 16:13 | el rey de los chanchos · wall_segment Palisade Wall x5 |
| 17:32 | el rey de los chanchos · wall_segment Palisade Wall x1 |
| 17:55 | LSKingdom9970 · wall_segment Palisade Wall x1 |
| 17:58 | LSKingdom9970 · wall_segment Palisade Wall x1 |
| 18:12 | el rey de los chanchos · wall_segment Palisade Wall x1 |
| 18:14 | el rey de los chanchos · wall_segment Palisade Wall x1 |
| 18:24 | el rey de los chanchos · wall_segment Palisade Wall x1 |
| 18:53 | LSKingdom9970 · wall_segment Palisade Wall x1 |
| 18:59 | LSKingdom9970 · wall_segment Palisade Wall x1 |
| 19:01 | LSKingdom9970 · wall_segment Palisade Wall x1 |
| 20:50 | LSKingdom9970 · wall_segment Palisade Wall x1 |
| 21:39 | LSKingdom9970 · wall_segment Palisade Wall x1 |
| 21:43 | LSKingdom9970 · wall_segment Palisade Wall x1 |
| 22:21 | LSKingdom9970 · wall_segment Palisade Wall x1 |
| 22:40 | LSKingdom9970 · wall_segment Palisade Wall x2 |
| 22:41 | LSKingdom9970 · wall_segment Palisade Wall x1 |
| 22:43 | LSKingdom9970 · wall_segment Palisade Wall x1 |
| 22:43 | LSKingdom9970 · wall_segment Palisade Wall x1 |
| 22:44 | LSKingdom9970 · wall_segment Palisade Wall x1 |
| 22:45 | LSKingdom9970 · wall_segment Palisade Wall x1 |
| 23:17 | LSKingdom9970 · wall_segment Palisade Wall x1 |
| 23:21 | LSKingdom9970 · wall_segment Palisade Wall x5 |
| 24:05 | LSKingdom9970 · wall_segment Palisade Wall x1 |
| 24:10 | LSKingdom9970 · wall_segment Palisade Wall x1 |
| 24:33 | LSKingdom9970 · wall_segment Palisade Wall x1 |
| 24:44 | LSKingdom9970 · wall_segment Palisade Wall x1 |
| 25:06 | LSKingdom9970 · wall_segment Palisade Wall x1 |
| 26:48 | LSKingdom9970 · wall_segment Palisade Wall x5 |
| 26:58 | LSKingdom9970 · wall_segment Palisade Wall x1 |
| 27:10 | LSKingdom9970 · wall_segment Palisade Wall x4 |
| 29:49 | el rey de los chanchos · wall_segment Palisade Wall x26 |
| 32:33 | LSKingdom9970 · wall_segment Palisade Wall x1 |
| 32:35 | LSKingdom9970 · wall_segment Palisade Wall x1 |
| 32:38 | LSKingdom9970 · wall_segment Palisade Wall x1 |
| 33:14 | LSKingdom9970 · wall_segment Palisade Wall x1 |
| 33:17 | LSKingdom9970 · wall_segment Palisade Wall x1 |
| 33:18 | LSKingdom9970 · wall_segment Palisade Wall x1 |
| 33:23 | el rey de los chanchos · wall_segment Palisade Wall x1 |
| 33:25 | el rey de los chanchos · wall_segment Palisade Wall x13 |
| 33:37 | el rey de los chanchos · first_building Barracks |
| 34:34 | el rey de los chanchos · age_up feudal |
| 34:36 | el rey de los chanchos · first_building Stable |
| 35:04 | LSKingdom9970 · wall_segment Palisade Wall x1 |
| 35:06 | LSKingdom9970 · wall_segment Palisade Wall x1 |
| 35:48 | LSKingdom9970 · wall_segment Palisade Wall x2 |
| 35:49 | LSKingdom9970 · wall_segment Palisade Wall x1 |
| 35:52 | el rey de los chanchos · first_building Donjon |
| 36:11 | LSKingdom9970 · wall_segment Palisade Wall x1 |
| 36:12 | LSKingdom9970 · wall_segment Palisade Wall x2 |
| 36:26 | LSKingdom9970 · wall_segment Palisade Wall x3 |
| 36:29 | LSKingdom9970 · wall_segment Palisade Wall x2 |
| 36:52 | LSKingdom9970 · wall_segment Palisade Wall x1 |
| 39:18 | LSKingdom9970 · resign |
[ AI ANALYSIS · 1 CREDIT ]
What really happened in this match?
Wolo.gg analyzes every decision: build order, eco, micro, common mistakes by bracket. Personalized analysis on WhatsApp or Discord in 30 seconds.
Civ guide
Bulgarians
Perfil
Jugador #18021038